 Dungeon Crawl Stone Soup version 0.18.1-48-g4cf74bf (webtiles) character file.

34 torvon the Chiller (level 3, -2/25 HPs)
             Began as a Merfolk Ice Elementalist on Aug 8, 2016.
             Slain by an ogre
             ... wielding a +0 giant spiked club
              (16 damage)
             ... on level 4 of the Dungeon.
             The game lasted 00:07:22 (1266 turns).

torvon the Chiller (Merfolk Ice Elementalist)       Turns: 1266, Time: 00:07:23

Health: -2/25      AC:  2    Str:  8    XL:     3   Next: 31%
Magic:  6/6        EV: 13    Int: 14    God:
Gold:   59         SH:  0    Dex: 15    Spells: 2 memorised, 2 levels left

rFire  . . .     SeeInvis .     o - +0 short sword
rCold  . . .     Gourm    .     a - +0 robe
rNeg   . . .     Faith    .     (no shield)
rPois  .         Spirit   .     (no helmet)
rElec  .         Dismiss  .     (no cloak)
rCorr  .         Reflect  .     (no gloves)
SustAt .         Harm     .     (no boots)
MR     .....                    (no amulet)
Stlth  ++........               (no ring)
                                (no ring)

@: not resistant to hostile enchantments, unstealthy
A: change form in water, swift swim
a: no special abilities


You were on level 4 of the Dungeon.
You were not hungry.

You visited 1 branch of the dungeon, and saw 3 of its levels.

You collected 59 gold pieces.

Inventory:

Hand Weapons
 m - a +0 club
 o - a +0 short sword (weapon)
Missiles
 g - 15 arrows
 h - 95 stones (quivered)
Armour
 a - a +0 robe (worn)
 f - a +0 robe
 i - a +0 robe
Scrolls
 d - 8 scrolls of remove curse {unknown}
 e - 2 scrolls of identify {unknown}
 k - a scroll of enchant weapon {unknown}
Potions
 c - 2 potions of magic {unknown}
 j - 3 potions of heal wounds {unknown}
 l - a potion of mutation {unknown}
Books
 b - a book of Frost

   Spells                             Type                      Level
   a - Freeze                         Ice                          1
   b - Throw Frost                    Conjuration/Ice              2
   c - Ozocubu's Armour               Charms/Ice                   3
   d - Throw Icicle                   Conjuration/Ice              4
   e - Summon Ice Beast               Ice/Summoning                4
Comestibles
 n - 2 meat rations


   Skills:
 + Level 0.4 Fighting
 + Level 3.3 Dodging
 - Level 2.4 Stealth
 - Level 2.2 Spellcasting
   Level 0.7 Conjurations
 + Level 0.0 Charms
 + Level 3.9 Ice Magic


You had 2 spell levels left.
You knew the following spells:

 Your Spells              Type           Power        Failure   Level  Hunger
a - Freeze                Ice            ##..         4%          1    #......
b - Ozocubu's Armour      Chrm/Ice       #.......     30%         3    ###....


Dungeon Overview and Level Annotations

Branches:
Dungeon (2/15)

Altars:
Xom


Message History

Press: ? - help, Shift-Dir - straight line, f - worm
Aim: a worm
Okay, then.
Found 15 gold pieces and 2 scrolls labeled EDAOGI TUSI.
You fall through a shaft for 2 floors!
The shaft crumbles and collapses.
You hear the hiss of flowing sand.
There is an entrance to an ossuary on this level.
Hurry and find it before the portal is buried!
Found 7 gold pieces.
An ogre comes into view. It is wielding a giant spiked club.
Found a stone staircase leading up.
You see here 7 gold pieces.
You now have 59 gold pieces (gained 7).
The ogre hits you with a giant spiked club!
A phantom comes into view.
You closely miss the phantom. The phantom misses you.
You hit the ogre but do no damage.
The ogre hits you with a giant spiked club!
Ouch! That really hurt!
You die...

#..............<
#.##.......####.
#.#####.# #.#
... #.# ### #.#
#.# #O# #@# #W.#
##.# .# .. ..#
... ..##


You could see a phantom and an ogre.

Vanquished Creatures
  4 dart slugs (D:1)
  A giant cockroach (D:1)
  4 goblins (D:1)
  4 hobgoblins (D:1)
  6 bats (D:1)
  A giant newt (D:1)
  2 kobolds (D:2)
  4 rats (D:1)
26 creatures vanquished.

Notes
Turn   | Place    | Note
--------------------------------------------------------------
     0 | D:1      | torvon the Merfolk Ice Elementalist began the quest for the Orb.
     0 | D:1      | Reached XP level 1. HP: 13/13 MP: 3/3
   373 | D:1      | Reached XP level 2. HP: 15/19 MP: 5/5
   649 | D:1      | Reached XP level 3. HP: 15/24 MP: 4/6
   695 | D:1      | Found a shimmering altar of Xom.
   817 | D:1      | Learned a level 3 spell: Ozocubu's Armour
  1248 | D:2      | You fall through a shaft for 2 floors!
  1249 | D:4      | Noticed an ogre
  1261 | D:4      | Noticed a phantom
  1266 | D:4      | Slain by an ogre

Skill      XL: |  1  2 |
---------------+-------+-----
Dodging        | 3 |  3.3
Fighting       | |  0.4
Stealth        | |  2.4
Spellcasting   | |  2.2
Conjurations   | |  0.7
Ice Magic      | |  3.9

Action                   || total
-------------------------++-------
Melee: Unarmed           ||    63
       Club              ||    15
       Short sword       ||     5
 Cast: Freeze            ||    22
       Ozocubu's Armour  ||     1
 Stab: Sleeping          ||     1
  Eat: Bread ration      ||     1
Armor: Robe              ||    27
Dodge: Dodged            ||    80
